 Dungeon Crawl Stone Soup version 0.22-a0-161-g198051c (webtiles) character file.

182 Lathuz the Firebug (level 5, -1/38 HPs)
             Began as a Draconian Fire Elementalist on Feb 11, 2018.
             Slain by Borgoz's ghost (3 damage)
             ... on level 3 of the Dungeon.
             The game lasted 00:08:31 (3797 turns).

Lathuz the Firebug (Draconian Fire Elementalist)    Turns: 3797, Time: 00:08:32

Health: -1/38      AC:  5    Str: 10    XL:     5   Next: 35%
Magic:  9/9        EV: 12    Int: 16    God:
Gold:   136        SH:  0    Dex: 12    Spells: 4/10 levels left

rFire    . . .     SeeInvis .   c - +1 dagger (elec)
rCold    . . .     Gourm    .   (no shield)
rNeg     . . .     Faith    .   (armour unavailable)
rPois    .         Spirit   .   (helmet restricted)
rElec    .         Reflect  .   (no cloak)
rCorr    .         Harm     .   (no gloves)
MR       .....                  (no boots)
Stlth    ++........             (no amulet)
HPRegen  0.12/turn              (no ring)
MPRegen  0.11/turn              (no ring)

@: no status effects
A: unfitting armour, cold-blooded, AC +5
a: no special abilities


You were on level 3 of the Dungeon.
You were very hungry.

You visited 1 branch of the dungeon, and saw 5 of its levels.

You collected 136 gold pieces.

Inventory:

Hand Weapons
 c - a +1 dagger of electrocution (weapon)
Missiles
 i - 53 stones (quivered)
Jewellery
 l - an uncursed amulet of the acrobat {unknown}
Wands
 o - a wand of acid (9)
Scrolls
 d - a scroll of magic mapping {unknown}
 f - 3 scrolls of remove curse {unknown}
 g - 3 scrolls of enchant weapon {unknown}
 h - a scroll of fog {unknown}
 m - a scroll of blinking {unknown}
 n - a scroll of teleportation {unknown}
 q - a scroll of identify {unknown}
Potions
 e - 2 potions of heal wounds {unknown}
 j - a potion of curing {unknown}
 k - 2 potions of flight {unknown}
 p - a potion of mutation {unknown}
Books
 a - a book of Flames

   Spells                             Type                      Level
   a - Flame Tongue                   Conjuration/Fire             1
   b - Throw Flame                    Conjuration/Fire             2
   c - Conjure Flame                  Conjuration/Fire             3
   d - Inner Flame                    Hexes/Fire                   3
   e - Sticky Flame                   Conjuration/Fire             4
   f - Fireball                       Conjuration/Fire             5
Comestibles
 b - 3 rations


   Skills:
 - Level 1.7 Dodging
 - Level 1.7 Stealth
 + Level 3.0 Spellcasting
 + Level 3.5 Conjurations
 * Level 4.1 Fire Magic


You had 4 spell levels left.
You knew the following spells:

 Your Spells              Type           Power        Failure   Level  Hunger
a - Flame Tongue          Conj/Fire      ##...        3%          1    #......
b - Throw Flame           Conj/Fire      ##....       5%          2    ##.....
c - Conjure Flame         Conj/Fire      ##......     11%         3    ###....


Dungeon Overview and Level Annotations

Branches:
Dungeon (5/15)
 Temple: D:4-7

Altars:
Ashenzari
Elyvilon
Gozag
Qazlal
Ru
Sif Muna
Uskayaw

Annotations:
D:3 Borgoz's ghost, amateur HOAK
D:4 Menkaure


Innate Abilities, Weirdness & Mutations

Your plain brown scales are hard. (AC +5)
You cannot fit into any form of body armour.
You are cold-blooded and may be slowed by cold attacks.


Message History

The quokka barely misses you.
Menkaure hums a few words.
Menkaure calls on the powers of darkness!
The hound convulses!
Your body is wracked with pain!
* * * LOW HITPOINT WARNING * * *
The hound closely misses you.
Menkaure calls on the powers of darkness!
The hound convulses!
Your body is wracked with pain!
* * * LOW HITPOINT WARNING * * *
The hound closely misses you.
There is a stone staircase leading up here.
The quokka bites you but does no damage.
The hound misses you. The quokka bites you.
* * * LOW HITPOINT WARNING * * *
You climb upwards.
Level annotation: Borgoz's ghost, amateur HOAK Borgoz's ghost barely misses you.
Borgoz's ghost shrieks, "You will never get the ORB!"
Borgoz's ghost hits you.
You die...

#........###.....#####.....##...
#................# ########8_8
#.......###......# .. ####
#.......###.#.#..# .# #####.#
#................# .. #...#..
#.......######.o##.# #.#.###
######.......#.....# #.#....
#........rh####### #.##...
##...)..##@....... #..#.##
#......##W###########...##
#......##.# #.....#.####
#########.#####.#.#.##....
#..........#.......
#.......##.###..... #..........#
#..).. #...######.###..##. .#.
###.#.....#.


You could see a hound, an orc wizard, Borgoz's ghost and a quokka.

Vanquished Creatures
  An orc priest (D:3)
  Ijyb (D:3)
  4 gnolls
  An adder (D:2)
  An ooze (D:2)
  4 worms
  A leopard gecko (D:1)
  3 orcs (D:3)
  6 bats
  4 giant cockroaches
  5 goblins
  3 hobgoblins
  4 jackals (D:1)
  A quokka (D:2)
  2 ball pythons (D:1)
  3 frilled lizards
  11 kobolds
  8 rats
63 creatures vanquished.

Notes
Turn   | Place    | Note
-------+----------+-------------------------------------------
     0 | D:1      | Lathuz the Draconian Fire Elementalist began the quest for the Orb.
     0 | D:1      | Reached XP level 1. HP: 14/14 MP: 3/3
   389 | D:1      | Reached XP level 2. HP: 20/20 MP: 3/5
   417 | D:1      | Learned a level 2 spell: Throw Flame
   425 | D:1      | You fall through a shaft!
  1001 | D:1      | Reached XP level 3. HP: 26/26 MP: 2/6
  1042 | D:1      | Learned a level 3 spell: Conjure Flame
  1761 | D:1      | Reached XP level 4. HP: 30/33 MP: 1/7
  2080 | D:2      | Found a sacrificial altar of Ru.
  2360 | D:2      | Found a stormy altar of Qazlal.
  2569 | D:2      | Found a hide-covered altar of Uskayaw.
  2578 | D:2      | Found a deep blue altar of Sif Muna.
  2927 | D:3      | Found an opulent altar of Gozag.
  3200 | D:3      | Reached skill level 4 in Fire Magic
  3200 | D:3      | Reached XP level 5. HP: 18/38 MP: 2/9
  3467 | D:3      | Found a white marble altar of Elyvilon.
  3474 | D:3      | Noticed Ijyb
  3479 | D:3      | Killed Ijyb
  3533 | D:3      | Noticed Borgoz's ghost (amateur HOAK)
  3754 | D:4      | Found a shattered altar of Ashenzari.
  3761 | D:4      | Noticed Menkaure
  3766 | D:5      | Entered Level 5 of the Dungeon
  3797 | D:3      | Slain by Borgoz's ghost

Vault maps used:
D:1:      zelgadis_glass_arrival_small, minmay_misc_feat_pillars
D:2:      nicolae_ru_great_annihilating_truth, old_standard_altar,
          amethyst_overflow_temple_binary
D:3:      grunt_gozag_breadcrumbs, lemuel_doored_altar, minmay_strange_pillars,
          uniq_ijyb, uniq_terence
D:4:      cheibrodos_ashenzari_chains, first_ration, uniq_menkaure

Skill      XL: |  1  2  3  4 |
---------------+-------------+-----
Conjurations   | 2 3 |  3.5
Spellcasting   | 3 |  3.0
Fire Magic     | 4 |  4.1
Dodging        | |  1.7
Stealth        | |  1.7

Action                   |  1- 3 |  4- 6 || total
-------------------------+-------+-------++-------
Melee: Unarmed           |    11 |       ||    11
       Tailslap          |     4 |       ||     4
       Dagger            |    25 |    12 ||    37
Throw: Stone             |       |     2 ||     2
 Cast: Flame Tongue      |    45 |    40 ||    85
       Throw Flame       |    13 |    26 ||    39
       Conjure Flame     |     1 |     1 ||     2
 Stab: Sleeping          |       |     1 ||     1
  Eat: Chunk             |     4 |     7 ||    11
Armor: Skin              |    16 |    10 ||    26
Dodge: Dodged            |    33 |    29 ||    62

Table legend:
 A = Spawn XP
 B = Non-spawn XP
 C = Spawn XP percentage of total XP
 D = Spawn monster count
 E = Non-spawn monster count
 F = Spawn count percentage of total count
 G = Total turns spent on level
                    A         B        C        D         E        F      G
               +---------+---------+-------+---------+---------+-------+---------
         Total |       0 |     261 |   0.0 |       0 |      63 |   0.0 |  3797
               +---------+---------+-------+---------+---------+-------+---------
           D:1 |       0 |      67 |   0.0 |       0 |      26 |   0.0 |  1314
           D:2 |       0 |      90 |   0.0 |       0 |      24 |   0.0 |  1421
           D:3 |       0 |     104 |   0.0 |       0 |      13 |   0.0 |   853
               +---------+---------+-------+---------+---------+-------+---------
